 Dungeon Crawl Stone Soup version 0.28.0 (webtiles) character file.

Game seed: 16341305954996515958

5306 browni3141 the Cleaver (level 10, -3/139 HPs)
             Began as a Minotaur Berserker on Feb 10, 2022.
             Was an Elder of Trog.
             Slain by a water moccasin (7 damage)
             ... on level 8 of the Dungeon.
             The game lasted 00:05:04 (8205 turns).

browni3141 the Cleaver (Minotaur Berserker)         Turns: 8205, Time: 00:05:05

Health: -3/139     AC: 15    Str: 25    XL:     10   Next: 37%
Magic:  9/9        EV: 10    Int:  4    God:    Trog [****..]
Gold:   369        SH:  0    Dex: 11    Spells: 9/9 levels left

rFire   . . .      SeeInvis .   z - +0 broad axe (elec)
rCold   . . .      Faith    .   (no shield)
rNeg    . . .      Spirit   .   m - +0 plate armour
rPois   .          Reflect  .   (helmet restricted)
rElec   .          Harm     .   (no cloak)
rCorr   .          Rampage  .   f - +0 pair of gloves
Will    .....                   (no boots)
Stlth   ..........              (no amulet)
HPRegen 0.33/turn               (no ring)
MPRegen 0.11/turn               (no ring)

@: berserking, lethally poisoned (-3 -> -20), very quick
A: horns 2, retaliatory headbutt
a: Renounce Religion, Berserk, Trog's Hand, Brothers in Arms


You were on level 8 of the Dungeon.
You worshipped Trog.
Trog was greatly pleased with you.
You visited 1 branch of the dungeon, and saw 8 of its levels.
You also visited: Ossuary.

You collected 411 gold pieces.
You spent 42 gold pieces at shops.

Inventory:

Hand Weapons
 a - a +0 hand axe
 u - the +3 war axe of the Eternal Warrior {vorpal, +Blink Will++}
   (You found it on level 5 of the Dungeon)

   It inflicts extra damage upon your enemies.
   +Blink:    It lets you blink.
   Will:      It greatly increases your willpower.
 z - a +0 broad axe of electrocution (weapon)
Armour
 b - a +0 animal skin
 e - the +1 ring mail of Gehenna {rElec MP-9 Str+2}
   (You found it on level 2 of the Dungeon)

   Str:       It affects your strength (+2).
   rElec:     It insulates you from electricity.
   MP:        It affects your magic capacity (-9).
 f - a +0 pair of gloves (worn)
 m - a +0 plate armour (worn)
Jewellery
 v - a ring of fire
 D - a ring of protection from fire
 F - a ring of positive energy
Wands
 g - a wand of flame (46)
 B - a wand of iceblast (3)
 C - a wand of acid (6)
Scrolls
 d - 8 scrolls of identify {unknown}
 h - a scroll of brand weapon {unknown}
 j - a scroll of amnesia {unknown}
 n - a scroll of noise {unknown}
 p - 5 scrolls of teleportation {unknown}
 q - a scroll of enchant weapon {unknown}
 r - 2 scrolls of holy word {unknown}
 t - 2 scrolls of enchant armour {unknown}
 y - a scroll of summoning {unknown}
 A - 2 scrolls of immolation {unknown}
 E - a scroll of magic mapping {unknown}
Potions
 c - a potion of might {unknown}
 i - 3 potions of haste
 k - 2 potions of lignification {unknown}
 l - 2 potions of curing
 o - 3 potions of degeneration {unknown}
 s - 2 potions of resistance
 w - a potion of heal wounds {unknown}
 x - 2 potions of mutation {unknown}


   Skills:
 + Level 10.0 Fighting
 + Level 10.0 Axes
 + Level 9.6 Armour
 + Level 8.8 Dodging


You had 9 spell levels left.
You didn't know any spells.
Your spell library was empty.

Dungeon Overview and Level Annotations

Branches:
Dungeon (8/15)             Temple (0/1) D:4         Ossuary (visited)
   Lair: D:8-11

Altars:
Ashenzari
Hepliaklqana
Kikubaaqudgha
Nemelex Xobeh
Qazlal
Ru
Sif Muna
Trog
Vehumet
Wu Jian
Xom
Yredelemnul
Zin

Shops:
D:3 !

Annotations:
D:8 1 transporter


Innate Abilities, Weirdness & Mutations

You have a pair of horns on your head.
You reflexively headbutt those who attack you in melee.


Message History

* * * LOW HITPOINT WARNING * * *
The gnoll sergeant zombie barely misses you.
You are too injured to fight recklessly!
You are too injured to fight recklessly!
You are too injured to fight recklessly!
You are too injured to fight recklessly!
You are too injured to fight recklessly!
You completely miss the ogre zombie.
The ogre zombie is heavily damaged.
You miss the water moccasin. You closely miss the water moccasin.
You feel very sick. The water moccasin bites you.
* * * LOW HITPOINT WARNING * * *
You are lethally poisoned!
The water moccasin poisons you! The water moccasin closely misses you.
You furiously retaliate!
You headbutt the water moccasin! The water moccasin misses you.
Unknown command.
You slash the ogre zombie!
Lightning courses through the ogre zombie!
You destroy the ogre zombie!
Trog accepts your kill.
You slash the water moccasin! x2
You feel the power of Trog in you as your rage grows.
You kill the water moccasin!
Trog accepts your kill.
* * * LOW HITPOINT WARNING * * *
You feel very sick.
The gnoll sergeant zombie closely misses you.
The water moccasin bites you.
* * * LOW HITPOINT WARNING * * *
Your Fighting skill increases to level 10!
Your Axes skill increases to level 10!
Unknown command.
You slash the water moccasin!
The water moccasin is almost dead.
* * * LOW HITPOINT WARNING * * *
You feel very sick. The water moccasin bites you!
You die...

### #.####### #.......#
######## ####....# #.......
#..©.# ######.######
#########......# # ##
#.°°°○°.######## # .#
#○.☼°°.°####### #
.############°○#©#☼°#.....#
#
.##.........#°○Z@)°○#.###.#
### .##.#########°°#S#○°#.#
#.# #.. .##.#
#°..Z..○#.###.# #.#
....###########☼°○####.##.#
#.#
.........#.#°°°°°°○.°#....#
#.#
########.#.#.○°°○°°°☼#..###
#.#
#.#.#○○°°○°○○☼##..######.#
#.#.#○○☼$[[○°°##.......#.#
#.#.#○○.[©(○°°##.......#.#


You could see a water moccasin, a gnoll sergeant zombie and an ogre zombie.

Vanquished Creatures
  2 boulder beetles (D:8)
  The ghost of freelancePsychic the Skirmisher, a novice PaWz of Cheibriados (D:7)
  Maggie (D:7)
  Grinder (D:3)
  Eustachio (D:6)
  2 steam dragons (D:7)
  Edmund (D:6)
  A water moccasin (D:8)
  Duvessa (D:4)
  An orc warrior (D:4)
  An ice beast (D:6)
  A black bear (D:6)
  2 ogres (D:6)
  A centaur (D:5)
  2 phantoms (D:6)
  2 elf zombies (Ossuary)
  A kobold brigand (D:6)
  3 scorpions (D:5)
  Dowan (D:4)
  3 howler monkeys (D:8)
  A hound (D:4)
  5 centaur zombies
  3 jellies
  8 orc priests
  2 centaur skeletons
  7 orc wizards
  Natasha (thrice) (D:3)
  2 iguanas
  An ogre zombie (D:8)
  A hound zombie (Ossuary)
  3 mummies (Ossuary)
  Robin (D:3)
  A howler monkey skeleton (D:6)
  A howler monkey zombie (D:6)
  5 adders
  A shadow imp (D:7)
  2 white imps
  2 adder zombies (Ossuary)
  A worm (D:2)
  A dart slug (D:2)
  25 orcs
  3 endoplasms
  2 giant cockroaches (D:2)
  12 goblins
  5 hobgoblins
  6 jackals
  9 kobolds
  A quokka (D:4)
  4 ball pythons
  3 bats
  2 frilled lizards (D:2)
  2 gnoll zombies (Ossuary)
  A goblin zombie (Ossuary)
  2 hobgoblin zombies (Ossuary)
  5 jackal zombies (Ossuary)
  4 kobold zombies (Ossuary)
  5 orc zombies (Ossuary)
  A quokka zombie (Ossuary)
  2 rats
  A rat zombie (Ossuary)
175 creatures vanquished.

Vanquished Creatures (others)
  2 withered plants (D:7)
2 creatures vanquished.

Grand Total: 177 creatures vanquished

Notes
Turn   | Place    | Note
-------+----------+-------------------------------------------
     0 | D:1      | browni3141 the Minotaur Berserker began the quest for the
                  | Orb.
     0 | D:1      | Reached XP level 1. HP: 19/19 MP: 0/0
   240 | D:2      | Reached XP level 2. HP: 22/27 MP: 1/1
   334 | D:2      | Identified the +1 ring mail of Gehenna {rElec MP-9 Str+2}
   421 | D:2      | Reached XP level 3. HP: 33/33 MP: 0/2
   562 | D:2      | Reached ** piety under Trog
   713 | D:3      | Noticed Grinder
   713 | D:3      | Noticed Natasha
   727 | D:3      | Killed Natasha
   728 | D:3      | Reached XP level 4. HP: 41/41 MP: 0/3
   737 | D:3      | Killed Grinder
   738 | D:3      | Reached skill level 5 in Fighting
   738 | D:3      | Reached skill level 5 in Axes
   738 | D:3      | Reached XP level 5. HP: 30/48 MP: 0/4
   738 | D:3      | Reached XP level 6. HP: 35/56 MP: 0/5
   748 | D:3      | Noticed Natasha
   756 | D:3      | Killed Natasha
  1064 | D:3      | Found a glowing drain.
  1428 | D:3      | Noticed Robin
  1444 | D:3      | Killed Robin
  1507 | D:3      | Found a hazy altar of Hepliaklqana.
  1508 | D:3      | Noticed Natasha
  1609 | D:3      | Killed Natasha
  1715 | D:3      | Found Luapris's Distillery.
  1723 | D:3      | Bought a potion of curing for 42 gold pieces
  1936 | D:4      | Noticed an orc warrior
  1949 | D:4      | Killed an orc warrior
  1950 | D:4      | Reached skill level 5 in Armour
  1950 | D:4      | Reached XP level 7. HP: 30/62 MP: 6/6
  2168 | D:4      | Noticed Duvessa
  2169 | D:4      | Noticed Dowan
  2181 | D:4      | Killed Dowan
  2185 | D:4      | Killed Duvessa
  2186 | D:4      | Reached skill level 5 in Dodging
  2432 | D:4      | Found a staircase to the Ecumenical Temple.
  2752 | D:5      | Entered Level 5 of the Dungeon
  2835 | D:5      | Found an ornate altar of the Wu Jian Council.
  2839 | D:5      | Found a radiant altar of Vehumet.
  2867 | D:5      | Reached *** piety under Trog
  2918 | D:5      | Reached XP level 8. HP: 38/71 MP: 7/7
  3454 | D:5      | Found a shimmering altar of Xom.
  3517 | D:5      | Found a sparkling altar of Nemelex Xobeh.
  3768 | D:5      | Found a bloodstained altar of Trog.
  3768 | D:5      | Found a sacrificial altar of Ru.
  3777 | D:5      | Found a broken altar of Ashenzari.
  4135 | D:5      | Identified the +3 war axe of the Eternal Warrior {vorpal,
                  | +Blink Will++}
  4256 | D:6      | Found a shimmering blue altar of Sif Muna.
  4257 | D:6      | Noticed Eustachio
  4269 | D:6      | Killed Eustachio
  4604 | D:6      | Identified the +8 mace "Spiderbane" {spect, rElec rC+
                  | Dex+3}
  4631 | D:6      | Noticed Edmund
  4636 | D:6      | Killed Edmund
  4813 | D:6      | Found a sand-covered staircase.
  4846 | Ossuary  | Entered an ossuary
  4908 | Ossuary  | Reached XP level 9. HP: 81/81 MP: 8/8
  4947 | Ossuary  | Reached **** piety under Trog
  5349 | D:6      | Found a basalt altar of Yredelemnul.
  5349 | D:6      | Found a glowing silver altar of Zin.
  6076 | D:7      | Noticed Maggie
  6084 | D:7      | Killed Maggie
  6587 | D:7      | Found a runed translucent door.
  6587 | D:7      | Noticed freelancePsychic's ghost (novice PaWz)
  6782 | D:7      | Found a stormy altar of Qazlal.
  6885 | D:7      | Found an ancient bone altar of Kikubaaqudgha.
  6991 | D:7      | Killed freelancePsychic's ghost
  7030 | D:8      | Noticed a boulder beetle
  7114 | D:8      | Killed a boulder beetle
  7115 | D:8      | Reached XP level 10. HP: 71/91 MP: 9/9
  7220 | D:8      | Reached ***** piety under Trog
  7603 | D:8      | Found a transporter.
  7787 | D:8      | Found a transporter.
  7799 | D:8      | Noticed a boulder beetle
  7817 | D:8      | Killed a boulder beetle
  8205 | D:8      | Reached skill level 10 in Fighting
  8205 | D:8      | Reached skill level 10 in Axes
  8205 | D:8      | HP: 4/139 [poisoned by a water moccasin]
  8205 | D:8      | Slain by a water moccasin

Illustrated notes

Levels and vault maps discovered:
D:1:      wander_arrival_lonely_grave, layout_basic,
          nicolae_ecumenical_snake_handling, chequers_jeans
D:2:      layout_basic
D:3:      layout_loops_corners, lemuel_tele_altar, serial_shops, shop,
          portal_sewer_entry_c, uniq_grinder, uniq_robin, uniq_natasha
D:4:      wad_crossroads, layout_basic, minmay_temple_entry_trees,
          serial_park_tiny_pond, uniq_duvessa
D:5:      layout_basic, mainiacjoe_overflow_alcove_1,
          gammafunk_temple_overflow_wave, xom_teletrap_fun,
          grunt_temple_overflow_open, mainiacjoe_overflow_tiny_flanked,
          kennysheep_small_spiral, hangedman_decor_opposing
D:6:      layout_loops_corners, nicolae_sif_muna_condensation,
          gammafunk_temple_overflow_elements,
          lightli_ossuary_entry_decrepit_ruins, uniq_edmund, uniq_eustachio
D:7:      layout_loops_ring, mainiacjoe_overflow_two_lobes,
          gammafunk_ghost_grave, uniq_maggie
D:8:      gammafunk_cloud_chamber, layout_loops_ring, st_stairs_14

Skill      XL: |  1  2  3  4  5  6  7  8  9 10 |
---------------+-------------------------------+-----
Fighting       | 4 5 6 7 9 10 | 10.0
Axes           | 4 5 6 7 9 10 | 10.0
Armour         | 3 4 5 6 7 9 |  9.6
Dodging        | 3 4 5 6 8 |  8.8

Action                   |  1- 3 |  4- 6 |  7- 9 | 10-12 || total
-------------------------+-------+-------+-------+-------++-------
Melee: Hand axe          |    57 |    75 |   120 |       ||   252
       Headbutt          |     8 |     9 |    53 |     8 ||    78
       Punch             |       |     1 |     3 |       ||     4
       War axe           |       |       |   124 |       ||   124
       Broad axe         |       |       |    58 |    43 ||   101
Invok: Berserk           |     1 |     1 |     6 |     2 ||    10
       Trog's Hand       |     1 |       |       |       ||     1
  Use: Potion            |       |       |       |     1 ||     1
 Stab: Sleeping          |     1 |       |       |       ||     1
Armor: Animal skin       |     5 |       |       |       ||     5
       Ring mail         |    19 |    12 |       |       ||    31
       Plate armour      |       |    18 |   218 |    28 ||   264
Dodge: Dodged            |    38 |    39 |   127 |    34 ||   238
